 Dungeon Crawl Stone Soup version 0.22.1-1-ga44c0e5 (webtiles) character file.

3086 magicm the Cleaver (level 9, -3/55 HPs)
             Began as a Demonspawn Chaos Knight on Nov 11, 2018.
             Slain by a skeletal warrior
             ... wielding a +0 scimitar
             ... led by a skeletal warrior
              (9 damage)
             ... on level 8 of the Dungeon.
             The game lasted 00:36:14 (7460 turns).

magicm the Cleaver (Demonspawn Chaos Knight)        Turns: 7460, Time: 00:36:15

Health: -3/55      AC: 20    Str: 15    XL:     9   Next: 59%
Magic:  0/9        EV:  6    Int: 14    God:    Xom [..*...]
Gold:   328        SH:  0    Dex: 13    Spells: 8/8 levels left

rFire    x . .     SeeInvis .   a - +4 hand axe (chaos)
rCold    + + .     Gourm    .   (no shield)
rNeg     . . .     Faith    .   A - +1 plate armour
rPois    .         Spirit   +   r - +2 hat
rElec    .         Reflect  .   d - +2 cloak
rCorr    +         Harm     .   (no gloves)
MR       .....                  m - +0 pair of boots
Stlth    ..........             (no amulet)
HPRegen  0.18/turn              j - ring of resist corrosion
MPRegen  0.11/turn              b - ring of ice

@: no status effects
A: antennae 2, claws 2, hooves 2, cold resistance 1, demonic guardian 1, frail
2, evolution 1, magic shield
a: Renounce Religion


You were on level 8 of the Dungeon.
You worshipped Xom.
You were a toy of Xom.
You were not hungry.

You visited 1 branch of the dungeon, and saw 9 of its levels.
You also visited: Sewer.

You collected 328 gold pieces.

Inventory:

Hand Weapons
 a - a +4 hand axe of chaos (weapon)
Armour
 d - a +2 cloak (worn)
 m - a +0 pair of boots (worn)
 r - a +2 hat (worn)
 A - a +1 plate armour (worn)
Magical Staves
 i - an uncursed staff of poison {unknown}
 z - an uncursed staff of poison {unknown}
Jewellery
 b - a ring of ice (right claw)
 e - an uncursed ring of wizardry {unknown}
 h - an uncursed amulet of rage
 j - a ring of resist corrosion (left claw)
Wands
 g - a wand of polymorph (1)
Scrolls
 l - 3 scrolls of fog
 v - a scroll of remove curse
 w - a scroll of amnesia
 y - a scroll of magic mapping
Potions
 k - a potion of heal wounds {unknown}
 n - a potion of might
 o - a potion of magic
 p - 2 potions of resistance {unknown}
 q - a potion of mutation
 t - 4 potions of flight
 u - 4 potions of agility
Comestibles
 c - 3 rations


   Skills:
 + Level 6.0 Fighting
 + Level 8.8 Axes
 + Level 6.0 Armour
 + Level 3.3 Dodging
 + Level 3.5 Stealth
 + Level 1.0 Unarmed Combat


You had 8 spell levels left.
You didn't know any spells.
Your spell library contained the following spells:

 Spells                   Type           Power        Failure   Level  Hunger
 Sandblast                Erth           #.....       100%        1    ##.....
 Passwall                 Tmut/Erth      #.......     100%        2    ###....
 Stone Arrow              Conj/Erth      #.....       100%        3    ####...
 Petrify                  Tmut/Erth      #.......     100%        4    #####..
 Lee's Rapid Deconstruct  Erth           #.........   100%        5    ######.


Dungeon Overview and Level Annotations

Branches:
Dungeon (9/15)             Temple (0/1) D:6
   Lair: D:8-11         Orc: D:9-12

Altars:
Ashenzari
Cheibriados
Elyvilon
Gozag
Qazlal
Ru
Sif Muna
Trog
Yredelemnul
Zin
The Shining One


Innate Abilities, Weirdness & Mutations

You have a pair of antennae on your head.
You have very sharp fingernails.
You have hoof-like feet.
A weak demonic guardian rushes to your aid.
When hurt, damage is shared between your health and your magic reserves.
Your flesh is cold resistant. (rC+)
You are very frail. (-20% HP)
You evolve.


Message History

Deactivating autopickup; reactivate with Ctrl-A.
Xom is highly amused!
You hit the skeletal warrior.
The skeletal warrior disappears!
Your ufetubus barely misses something.
Your ufetubus misses something. Something hits you!
Your ufetubus hits something but does no damage.
Your ufetubus closely misses something.
You hit something but do no damage.
Your ufetubus barely misses something. x2
Something hits you!
* * * LOW HITPOINT WARNING * * *
There is a stone staircase leading up here.
Your ufetubus hits something but does no damage.
Your ufetubus barely misses something.
Something hits you!
* * * LOW HITPOINT WARNING * * *
You climb upwards.
There is a stone staircase leading down here.
You closely miss something.
Your plate armour prevents you from hitting something.
Something hits you!
You die...

#.# #.#####
#.####......
#.....###### #####.#
#.# ###########.#
#...........######
####.####..######(..#
#..{@...#............
#.#####.##.###.##...#
#.# #.##.# #.###.##
#.# #.##.# #.###.##
#.# #.##.# #.##....
#.#####†##.# #.##....
#.......##.# #.##.###
##.#######.###.##.###
#.# #...........


There were no monsters in sight!

Vanquished Creatures
  A basilisk (D:4)
  2 ice beasts (D:7)
  A sky beast (D:6)
  2 orc warriors
  2 slaves (D:4)
  An ogre (D:4)
  2 centaurs
  5 big kobolds
  2 bullfrogs (D:7)
  A scorpion (D:8)
  A water moccasin skeleton (D:8)
  Dowan (D:6)
  9 killer bees (D:8)
  3 crimson imps
  A quasit (D:2)
  5 hounds
  2 bullfrog skeletons (D:5)
  3 jellies
  An orc priest (D:4)
  3 orc wizards
  4 worker ants
  A killer bee zombie (D:8)
  A howler monkey zombie (D:7)
  A worker ant zombie (D:6)
  3 gnolls (D:7)
  12 adders
  5 river rats
  A shadow imp (D:7)
  3 oozes
  An adder skeleton (D:7)
  3 worms
  11 dart slugs
  3 leopard geckos
  18 orcs
  6 bats
  5 giant cockroaches
  9 goblins
  7 hobgoblins
  3 jackals (D:1)
  18 kobolds
  5 quokkas
  6 ball pythons
  4 frilled lizards
  A jackal skeleton (D:6)
  A leopard gecko skeleton (D:8)
  A quokka skeleton (D:5)
  28 rats
209 creatures vanquished.

Vanquished Creatures (collateral kills)
  A sky beast (D:6)
  The ghost of jombi the Cudgeler, an amateur MiCK of Xom (D:3)
  2 slaves (D:4)
  An ogre (D:5)
  A killer bee (D:8)
  An orc priest (D:6)
  2 orc wizards
  A gnoll (D:7)
  A worm (D:3)
  4 orcs
  A quokka (D:5)
  A kobold (Sewer)
17 creatures vanquished.

Grand Total: 226 creatures vanquished

Notes
Turn   | Place    | Note
-------+----------+-------------------------------------------
     0 | D:1      | magicm the Demonspawn Chaos Knight began the quest for the
                  | Orb.
     0 | D:1      | Reached XP level 1. HP: 18/18 MP: 1/1
    93 | D:1      | Reached skill level 3 in Axes
   132 | D:1      | Gained mutation: You have large cloven feet. [demonic
                  | ancestry]
   132 | D:1      | Reached XP level 2. HP: 21/24 MP: 2/2
   579 | D:1      | XOM: cloud trail
   618 | D:2      | Gained mutation: A weak demonic guardian rushes to your
                  | aid. [demonic ancestry]
   618 | D:2      | Reached XP level 3. HP: 26/29 MP: 3/3
   662 | D:2      | XOM: silly message
   847 | D:2      | Reached skill level 1 in Dodging
   876 | D:2      | Found an opulent altar of Gozag.
   901 | D:2      | Gained mutation: You have hoof-like feet. [demonic
                  | ancestry]
   901 | D:2      | Reached XP level 4. HP: 37/37 MP: 4/4
  1017 | D:2      | XOM: cast spell 'Summon Small Mammal'
  1359 | D:3      | Noticed Sigmund
  1380 | D:3      | XOM: cast spell 'Summon Mana Viper'
  1384 | D:3      | Noticed Sigmund
  1384 | D:3      | XOM: polymorph something unseen -> Sigmund the worm
  1384 | D:3      | Killed Sigmund the worm
  1429 | D:3      | Reached skill level 4 in Axes
  1484 | D:3      | Found a runed door.
  1485 | D:3      | Noticed jombi's ghost (amateur MiCK)
  1753 | D:3      | Found a faded altar of an unknown god.
  1937 | D:3      | Reached XP level 5. HP: 42/42 MP: 5/5
  2040 | D:3      | Killed jombi's ghost
  2134 | D:4      | Noticed a slave
  2134 | D:4      | Noticed a slave
  2134 | D:4      | Noticed a slave
  2134 | D:4      | Noticed Pikel
  2136 | D:4      | Noticed a slave
  2138 | D:4      | XOM: noise
  2146 | D:4      | XOM: mild Air miscast
  2152 | D:4      | Killed a slave
  2159 | D:4      | Killed a slave
  2163 | D:4      | Killed a slave
  2164 | D:4      | XOM: 5-stop teleportation journey
  2208 | D:4      | XOM: harmless Hex miscast
  2214 | D:4      | Killed a slave
  2550 | D:4      | Noticed an ogre
  2561 | D:4      | Killed an ogre
  2561 | D:4      | Gained mutation: You have a pair of small antennae on your
                  | head. [demonic ancestry]
  2561 | D:4      | Reached XP level 6. HP: 10/48 MP: 6/6
  2654 | D:4      | Noticed Pikel
  2654 | D:4      | Pikel changed into Pikel the basilisk
  2654 | D:4      | XOM: polymorph Pikel -> Pikel the basilisk
  2667 | D:4      | XOM: god gift: weird jewelled staff {god gift}
  2677 | D:4      | Killed Pikel the basilisk
  2677 | D:4      | Reached skill level 5 in Axes
  2845 | D:4      | Reached skill level 1 in Stealth
  2956 | D:4      | Found a bloodstained altar of Trog.
  2957 | D:4      | Found a white marble altar of Elyvilon.
  2957 | D:4      | Found a snail-covered altar of Cheibriados.
  2957 | D:4      | Found a glowing silver altar of Zin.
  2962 | D:4      | Found a basalt altar of Yredelemnul.
  2962 | D:4      | Found a stormy altar of Qazlal.
  3087 | D:4      | Found a snail-covered altar of Cheibriados.
  3190 | D:4      | XOM: give mutations
  3190 | D:4      | Gained mutation: You are weak. (Str -2) [Xom's mischief]
  3190 | D:4      | Gained mutation: You are very weak. (Str -4) [Xom's
                  | mischief]
  3205 | D:5      | Entered Level 5 of the Dungeon
  3212 | D:5      | Gained mutation: You have sharp fingernails. [demonic
                  | ancestry]
  3212 | D:5      | Reached XP level 7. HP: 55/55 MP: 7/7
  3307 | D:5      | XOM: noise
  3627 | D:5      | XOM: give mutations
  3627 | D:5      | Gained mutation: You are frail. (-10% HP) [Xom's mischief]
  3627 | D:5      | Gained mutation: You are dopey. (Int -2) [Xom's mischief]
  3627 | D:5      | Gained mutation: Scrolls take you a little longer to read.
                  | [Xom's mischief]
  3681 | D:5      | Reached skill level 6 in Axes
  3753 | D:5      | Found a glowing drain.
  3758 | Sewer    | Entered a sewer
  3772 | Sewer    | XOM: polymorph rat -> goblin
  3873 | Sewer    | Gained mutation: You have a pair of antennae on your head.
                  | [demonic ancestry]
  3873 | Sewer    | Reached XP level 8. HP: 45/54 MP: 8/8
  3876 | Sewer    | Reached skill level 5 in Fighting
  3981 | Sewer    | XOM: chaos upgrade
  4372 | D:6      | XOM: noise
  4409 | D:6      | Found a staircase to the Ecumenical Temple.
  4484 | D:6      | XOM: mild Ice miscast
  4485 | D:6      | XOM: mild Summ miscast
  4570 | D:6      | XOM: enchant monster (bad)
  4577 | D:6      | Reached skill level 7 in Axes
  4611 | D:6      | XOM: mild Tmut miscast
  4655 | D:6      | XOM: medium Tmut miscast
  4714 | D:6      | Noticed Duvessa
  4716 | D:6      | Noticed Dowan
  4730 | D:6      | XOM: confusion
  4734 | D:6      | XOM: 2-stop teleportation journey
  4742 | D:6      | XOM: 4-stop teleportation journey
  4811 | D:6      | XOM: swap monsters
  4819 | D:6      | XOM: god gift: weird jewelled staff {god gift}
  4821 | D:6      | XOM: confusion (+ monsters)
  5016 | D:6      | Killed Dowan
  5041 | D:6      | Noticed Duvessa
  5041 | D:6      | Duvessa changed into Duvessa the big kobold
  5042 | D:6      | Killed Duvessa the big kobold
  5158 | D:6      | XOM: mild Hex miscast
  5312 | D:7      | XOM: silly message
  5341 | D:7      | XOM: harmless Fire miscast
  5347 | D:7      | Gained mutation: When hurt, damage is shared between your
                  | health and your magic reserves. [demonic ancestry]
  5347 | D:7      | Reached XP level 9. HP: 62/62 MP: 9/9
  5438 | D:7      | Found a deep blue altar of Sif Muna.
  5445 | D:7      | Found a sacrificial altar of Ru.
  5517 | D:7      | XOM: destruction
  5529 | D:7      | XOM: polymorph ufetubus -> shadow imp
  5537 | D:7      | XOM: fog
  5542 | D:7      | XOM: swap monsters
  5548 | D:7      | Reached skill level 5 in Armour
  5772 | D:6      | XOM: summons 4 hostile demons
  5884 | D:7      | Reached skill level 8 in Axes
  6002 | D:7      | Reached skill level 1 in Unarmed Combat
  6184 | D:7      | Found a stormy altar of Qazlal.
  6226 | D:7      | XOM: harmless Fire miscast
  6475 | D:7      | Found a shattered altar of Ashenzari.
  6518 | D:7      | XOM: divination: detect items
  6585 | D:8      | Found a glowing golden altar of the Shining One.
  6647 | D:8      | XOM: medium Erth miscast
  7078 | D:8      | XOM: potion effect (invisibility)
  7100 | D:8      | Lost mutation: Scrolls take you a little longer to read.
                  | [potion of mutation]
  7100 | D:8      | Lost mutation: You are very weak. (Str -4) [potion of
                  | mutation]
  7100 | D:8      | Lost mutation: You are dopey. (Int -2) [potion of mutation]
  7100 | D:8      | Lost mutation: You are weak. (Str -2) [potion of mutation]
  7100 | D:8      | Gained mutation: You evolve. [potion of mutation]
  7100 | D:8      | Gained mutation: Your flesh is cold resistant. (rC+)
                  | [potion of mutation]
  7100 | D:8      | Gained mutation: You have very sharp fingernails. [potion
                  | of mutation]
  7301 | D:8      | Gained mutation: You are very frail. (-20% HP) [evolution]
  7429 | D:9      | Noticed a skeletal warrior
  7433 | D:9      | Noticed a skeletal warrior
  7435 | D:9      | XOM: divination: detect items
  7438 | D:9      | Noticed a skeletal warrior
  7442 | D:9      | XOM: enchant monster (good)
  7460 | D:8      | Slain by a skeletal warrior

Skill      XL: |  1  2  3  4  5  6  7  8  9 |
---------------+----------------------------+-----
Axes           | 3 4 5 6 7 8 |  8.8
Armour         | 2 3 4 6 |  6.0
Dodging        | 1 2 3 |  3.3
Fighting       | 4 5 6 |  6.0
Stealth        | 1 2 3 |  3.5
Unarmed Combat | 1 |  1.0

Action                   |  1- 3 |  4- 6 |  7- 9 || total
-------------------------+-------+-------+-------++-------
Melee: Hand axe          |    98 |   156 |   434 ||   688
       Kick              |    10 |       |       ||    10
       Unarmed           |       |       |    13 ||    13
  Use: Scroll            |     4 |     8 |     6 ||    18
       Potion            |       |     4 |    11 ||    15
 Stab: Distracted        |       |     1 |     3 ||     4
       Petrified         |       |       |     6 ||     6
       Petrifying        |       |       |     2 ||     2
       Paralysed         |       |       |     3 ||     3
       Invisible         |       |       |     3 ||     3
       Confused          |       |       |     1 ||     1
  Eat: Ration            |       |     3 |     4 ||     7
Armor: Leather armour    |     7 |       |       ||     7
       Ring mail         |    43 |    80 |    85 ||   208
       Plate armour      |       |       |   180 ||   180
       Skin              |       |       |     1 ||     1
Dodge: Dodged            |    55 |    70 |   142 ||   267
